 Dungeon Crawl Stone Soup version 0.19-b1-5-gdc9fa9d (webtiles) character file.

167 Jorund the Stinger (level 5, -2/31 HPs)
             Began as an Octopode Venom Mage on Oct 31, 2016.
             Slain by Edmund
             ... wielding a +2 flail of draining
              (3 damage)
             ... on level 4 of the Dungeon.
             The game lasted 00:08:10 (2992 turns).

Jorund the Stinger (Octopode Venom Mage)            Turns: 2992, Time: 00:08:10

Health: -2/31      AC:  1    Str:  7    XL:     5   Next: 48%
Magic:  0/9        EV: 12    Int: 18    God:
Gold:   83         SH:  0    Dex: 13    Spells: 1 memorised, 9 levels left

rFire  . . .     SeeInvis .     p - +1 dagger (venom)
rCold  + . .     Gourm    .     (no shield)
rNeg   . . .     Faith    .     (helmet restricted)
rPois  .         Spirit   .     (no amulet)
rElec  .         Reflect  .     j - ring of protection from cold
rCorr  .         Harm     .     (no ring)
MR     .....                    (no ring)
Stlth  +++.......               (no ring)
                                (no ring)
                                (no ring)
                                (no ring)
                                (no ring)

@: very slightly contaminated, heavily drained
A: almost no armour, stealthy swim, amphibious, 8 rings, constrict 8, camouflage
1, gelatinous body 1
a: no special abilities


You were on level 4 of the Dungeon.
You were not hungry.

You visited 1 branch of the dungeon, and saw 4 of its levels.

You collected 83 gold pieces.

Inventory:

Hand Weapons
 o - a +0 dagger
 p - a +1 dagger of venom (weapon)
Jewellery
 j - a ring of protection from cold (left tentacle)
Scrolls
 k - 2 scrolls of remove curse
Potions
 d - 2 potions of lignification
 e - a potion of berserk rage {unknown}
 i - a potion of agility {unknown}
 l - a potion of beneficial mutation {unknown}
 n - a potion of brilliance {unknown}
Books
 a - a Young Poisoner's Handbook

   Spells                             Type                      Level
   a - Sting                          Conjuration/Poison           1
   b - Mephitic Cloud                 Conjuration/Poison/Air       3
   c - Olgreb's Toxic Radiance        Poison                       4
   d - Alistair's Intoxication        Transmutation/Poison         5
   e - Venom Bolt                     Conjuration/Poison           5
 q - a book of Misfortune

   Spells                             Type                      Level
   a - Confusing Touch                Hexes                        1
   b - Confuse                        Hexes                        3
   c - Gell's Gravitas                Hexes/Translocation          3
   d - Petrify                        Transmutation/Earth          4
   e - Metabolic Englaciation         Hexes/Ice                    5
   f - Yara's Violent Unravelling     Hexes/Transmutation          5
Comestibles
 b - 4 bread rations
 g - 4 meat rations
 r - a royal jelly


   Skills:
 - Level 2.0(0.0) Dodging
 - Level 2.9(0.7) Stealth
 + Level 3.1(0.9) Spellcasting
 + Level 2.0(0.0) Conjurations
 + Level 6.4(4.0) Poison Magic


You had 9 spell levels left.
You knew the following spells:

 Your Spells              Type           Power        Failure   Level  Hunger
a - Sting                 Conj/Pois      #...         12%         1    ##.....


Dungeon Overview and Level Annotations

Branches:
Dungeon (4/15)
 Temple: D:4-7

Altars:
Kikubaaqudgha
Makhleb

Annotations:
D:3 exclusion: phantom
D:4 Edmund


Innate Abilities, Weirdness & Mutations

You cannot wear most types of armour.
You are very stealthy in the water. (Stealth+)
You are amphibious.
You can wear up to eight rings at the same time.
You can use your tentacles to constrict eight enemies at once.
Your skin changes colour to match your surroundings (Stealth+).
Your rubbery body absorbs attacks. (AC +1, EV +1)


Message History

Casting: Sting
Confirm with . or Enter, or press ? or * to list all spells.
Aiming: Sting
Press: ? - help, Shift-Dir - straight line, f/p - Edmund
Aim: Edmund, wielding a flail of draining and wearing a scale mail (almost dead)
You miscast Sting.
You smell something strange.
Edmund asks, "Have you met my wondrous brother?"
Edmund closely misses you.
Unknown command.
Casting: Sting
Confirm with . or Enter, or press ? or * to list all spells.
Aiming: Sting
Press: ? - help, Shift-Dir - straight line, f/p - Edmund
Aim: Edmund, wielding a flail of draining and wearing a scale mail (almost dead)
The sting hits Edmund.
Edmund is poisoned.
Edmund is almost dead.
Edmund hits you with a flail of draining!
* * * LOW HITPOINT WARNING * * *
You feel drained.
You die...

#.....#.###.....##
#.....#.##.......##
##.....#.#.........###
..[......'.........'..
##.......#.........###
##..#...##.......##
##.....###.....##
##.#### ##...## #@#
##'## #@# #.# #.# #.#
#.# ##.#### #.#
##.....#### #.#
#....#....<
#.#######.....####
#...............#
#######.##...##.#


You could see Edmund.

Vanquished Creatures
  2 orc wizards (D:3)
  3 adders
  An ooze (D:3)
  3 worms
  3 leopard geckos
  6 orcs (D:3)
  2 bats (D:2)
  2 bat skeletons (D:2)
  3 bat zombies (D:2)
  A giant cockroach (D:2)
  9 goblins
  5 hobgoblins
  A quokka (D:4)
  2 ball pythons
  7 frilled lizards
  5 kobolds (D:1)
  4 rats
59 creatures vanquished.

Notes
Turn   | Place    | Note
-------+----------+-------------------------------------------
     0 | D:1      | Jorund the Octopode Venom Mage began the quest for the Orb.
     0 | D:1      | Reached XP level 1. HP: 11/11 MP: 3/3
   180 | D:1      | Reached skill level 5 in Poison Magic
   292 | D:1      | Reached XP level 2. HP: 5/17 MP: 0/5
  1085 | D:2      | Reached XP level 3. HP: 21/21 MP: 4/6
  1119 | D:2      | Found an ancient bone altar of Kikubaaqudgha.
  1492 | D:2      | Reached skill level 1 in Conjurations
  1513 | D:2      | Found a burning altar of Makhleb.
  1802 | D:3      | Reached skill level 6 in Poison Magic
  1802 | D:3      | Reached XP level 4. HP: 23/27 MP: 0/7
  1951 | D:3      | Noticed a phantom
  2150 | D:3      | Reached XP level 5. HP: 31/31 MP: 6/9
  2439 | D:3      | Found a faded altar of an unknown god.
  2923 | D:4      | Noticed Edmund
  2992 | D:4      | HP: 1/31 [Edmund/flail of draining (8)]
  2992 | D:4      | Slain by Edmund

Skill      XL: |  1  2  3  4  5 |
---------------+----------------+-----
Poison Magic   | 5 6 |  6.4
Conjurations   | 1 2 |  2.0
Spellcasting   | 3 |  3.1
Dodging        | |  2.0
Stealth        | |  2.9

Action                   |  1- 3 |  4- 6 || total
-------------------------+-------+-------++-------
Melee: Unarmed           |     9 |       ||     9
       Constrict         |    14 |     3 ||    17
       Tentacles         |     7 |     1 ||     8
       Dagger            |    38 |    18 ||    56
 Cast: Sting             |    57 |    52 ||   109
  Use: Scroll            |     3 |     4 ||     7
       Potion            |       |     1 ||     1
 Stab: Sleeping          |     1 |     2 ||     3
  Eat: Chunk             |     3 |     4 ||     7
Armor: Skin              |    13 |     1 ||    14
Dodge: Dodged            |    49 |    16 ||    65
